 Dungeon Crawl Stone Soup version 0.21-a0-81-gc5150db (webtiles) character file.

598 HAL9000 the Cutter (level 7, -1/34 HPs)
             Began as a Vine Stalker Assassin on June 23, 2017.
             Was an Initiate of Dithmenos.
             Slain by a wight
             ... wielding a +1 dire flail
              (5 damage)
             ... on level 4 of the Dungeon.
             The game lasted 00:10:14 (4452 turns).

HAL9000 the Cutter (Vine Stalker Assassin)          Turns: 4452, Time: 00:10:15

Health: -1/34      AC:  5    Str: 15    XL:     7   Next: 40%
Magic:  0/8        EV: 10    Int: 15    God:    Dithmenos [......]
Gold:   328        SH:  0    Dex: 16    Spells: 6/6 levels left

rFire    . . .     SeeInvis .   I - +1 dagger (freeze)
rCold    . . .     Gourm    .   (no shield)
rNeg     . . .     Faith    .   o - +0 leather armour {rPois}
rPois    +         Spirit   +   (no helmet)
rElec    .         Reflect  .   d - +0 cloak
rCorr    .         Harm     .   (no gloves)
MR       +....                  C - +0 pair of boots
Stlth    ++........             (no amulet)
HPRegen  0.51/turn              y - +4 ring of intelligence
MPRegen  0.11/turn              J - ring of protection from magic

@: heavily drained
A: fangs 2, regeneration 1, magic shield, antimagic bite, no potion heal 3, rot
immunity
a: Renounce Religion


You were on level 4 of the Dungeon.
You worshipped Dithmenos.
Dithmenos was noncommittal.
You were not hungry.

You visited 2 branches of the dungeon, and saw 6 of its levels.

You collected 328 gold pieces.

Inventory:

Hand Weapons
 b - a +0 blowgun
 I - a +1 dagger of freezing (weapon)
Missiles
 e - 8 poisoned needles
 f - 6 curare-tipped needles
 q - a throwing net (quivered)
Armour
 d - a +0 cloak (worn)
 o - a +0 leather armour of poison resistance (worn)
 C - a +0 pair of boots (worn)
Jewellery
 y - a +4 ring of intelligence (left hand)
 J - a ring of protection from magic (right hand)
Scrolls
 h - a scroll of teleportation {unknown}
 i - a scroll of blinking
 n - a scroll of enchant armour {unknown}
 p - a scroll of enchant weapon {unknown}
 r - a scroll of immolation {unknown}
 t - 2 scrolls of remove curse {unknown}
 w - 3 scrolls of recharging {unknown}
 x - a scroll of amnesia {unknown}
 D - a scroll of magic mapping {unknown}
 E - 2 scrolls of fog {unknown}
Potions
 l - a potion of invisibility
 m - a potion of haste
 s - a potion of degeneration {unknown}
 A - 2 potions of resistance
 G - a potion of cancellation {unknown}
 K - a potion of agility {unknown}
Comestibles
 g - 2 bread rations
 j - 4 royal jellies
 u - 2 meat rations


   Skills:
 - Level 1.7(0.3) Fighting
 + Level 7.3(5.6) Short Blades
 - Level 1.7(0.3) Throwing
 - Level 0.7(0.0) Dodging
 - Level 4.8(3.2) Stealth


You had 6 spell levels left.
You didn't know any spells.

Dungeon Overview and Level Annotations

Branches:
Dungeon (5/15)             Temple (1/1) D:4

Altars:
Ashenzari
Cheibriados
Dithmenos
Elyvilon
Fedhas
Gozag
Hepliaklqana
Kikubaaqudgha
Makhleb
Okawaru
Qazlal
Ru
Sif Muna
Trog
Uskayaw
Xom
Zin
The Shining One

Annotations:
D:4 HAL9000's ghost, novice VSAs


Innate Abilities, Weirdness & Mutations

You have extremely sharp teeth.
Your natural rate of healing is unusually fast.
When hurt, damage is shared between your health and your magic reserves.
Your bite disrupts and absorbs the magic of your enemies.
Potions cannot restore your health.
You are immune to rotting.


Message History

You closely miss the wight.
The wight is moderately damaged.
The wight misses you.
You closely miss the wight.
The wight is moderately damaged.
You completely miss the wight. You bite the wight. You drain its power.
You feel invigorated.
The wight is moderately damaged.
The wight barely misses you.
You hit the wight but do no damage.
The wight is moderately damaged.
You barely miss the wight.
The wight is moderately damaged.
The wight hits you with an enchanted dire flail!
You hit the wight. You bite the wight, but do no damage.
The wight is heavily damaged.
The wight hits you with an enchanted dire flail!
* * * LOW HITPOINT WARNING * * *
You feel drained.
You die...

#.####.####......# #######.###...
#.#..........#.#.# #.............
#.#.##......##.#.###.####.####.#.
#.#.##.####.##............# #...
#......####.####..........# ###.
###......##(####..........# #.
####.#.##...............# #.
######...........z........# #.
#......#.#.#####@.........######.
#.####.#.#.# #.................
#.####.#.#.# #.................
#.##.....#.# #..............^..
#.##.#.###.#####......#.########.
#......###.......##...##.## #.
#.......###########.#.###.# #.
#.##.##.# #...##.## #.
#.##.##.### ###.#.## #.


You could see a wight.

Vanquished Creatures
  Sigmund (D:3)
  A phantom (D:4)
  A crimson imp (D:5)
  An orc priest (D:4)
  5 orc wizards
  A worker ant (D:4)
  A mummy (D:4)
  An adder (D:3)
  4 worms
  2 dart slugs
  15 orcs
  10 bats
  5 giant cockroaches
  4 goblins
  8 hobgoblins
  9 jackals
  2 quokkas
  5 frilled lizards
  3 kobolds
  7 rats
86 creatures vanquished.

Notes
Turn   | Place    | Note
-------+----------+-------------------------------------------
     0 | D:1      | HAL9000 the Vine Stalker Assassin began the quest for the Orb.
     0 | D:1      | Reached XP level 1. HP: 11/11 MP: 2/2
    60 | D:1      | Reached skill level 2 in Short Blades
   286 | D:1      | Reached XP level 2. HP: 15/15 MP: 3/3
   836 | D:1      | Reached skill level 3 in Short Blades
   842 | D:1      | Reached XP level 3. HP: 15/18 MP: 4/4
   883 | D:2      | Found a shimmering altar of Xom.
  1953 | D:3      | Gained mutation: Your natural rate of healing is unusually fast. [Vine Stalker growth]
  1953 | D:3      | Reached XP level 4. HP: 23/23 MP: 5/5
  2084 | D:3      | Found a stormy altar of Qazlal.
  2212 | D:3      | Noticed Sigmund
  2237 | D:3      | Killed Sigmund
  2237 | D:3      | Reached skill level 5 in Short Blades
  2237 | D:3      | Reached XP level 5. HP: 18/26 MP: 4/6
  2299 | D:3      | Found a glowing golden altar of the Shining One.
  2316 | D:3      | Reached XP level 6. HP: 30/30 MP: 7/7
  2538 | D:3      | Found an iron altar of Okawaru.
  2814 | D:3      | Reached skill level 6 in Short Blades
  3053 | D:3      | Found a deep blue altar of Sif Muna.
  3125 | D:4      | Found a glowing silver altar of Zin.
  3147 | D:4      | Noticed a phantom
  3259 | D:4      | Killed a phantom
  3491 | D:4      | Noticed HAL9000's ghost (novice VSAs)
  3571 | D:4      | Reached XP level 7. HP: 30/34 MP: 8/8
  3676 | D:4      | Found a staircase to the Ecumenical Temple.
  3683 | Temple   | Entered the Ecumenical Temple
  3910 | Temple   | Became a worshipper of Dithmenos the Shadowed
  4085 | D:4      | Reached skill level 7 in Short Blades
  4299 | D:5      | Entered Level 5 of the Dungeon
  4299 | D:5      | Found a snail-covered altar of Cheibriados.
  4299 | D:5      | Found a sacrificial altar of Ru.
  4452 | D:4      | Slain by a wight

Vault maps used:
D:1:      minmay_arrival_stair_chambers, serial_corexii_hall,
          corexii_hall_statues_deadend, corexii_hall_statues_t,
          corexii_hall_statues_l, corexii_hall_statues_u,
          corexii_hall_statues_i, corexii_hall_statues_l
D:2:      xom_teletrap_fun, first_bread, guppyfry_early_orc_mine
D:3:      tgw_sif, nicolae_overflow_crystal_walls, old_standard_altar,
          lemuel_crystal_altar, uniq_sigmund
D:4:      old_standard_altar, minmay_temple_entry_trees,
          gup_ossuary_entry_pyramid
D:5:      lemuel_crystal_altar, chequers_temple_overflow_statue_of_worship,
          fedhas_altar_fruit_tree, uniq_ijyb
Temple:   dpeg_chambers_temple

Skill      XL: |  1  2  3  4  5  6  7 |
---------------+----------------------+-----
Short Blades   | 2 3 5 6 7 |  7.3
Fighting       | |  1.7
Throwing       | |  1.7
Dodging        | |  0.7
Stealth        | |  4.8

Action                   |  1- 3 |  4- 6 |  7- 9 || total
-------------------------+-------+-------+-------++-------
Melee: Dagger            |    97 |   143 |   114 ||   354
       Bite              |    20 |    37 |    39 ||    96
 Fire: Blowgun           |       |     4 |       ||     4
  Use: Scroll            |       |     4 |     1 ||     5
 Stab: Sleeping          |    15 |     5 |     2 ||    22
       Distracted        |       |     2 |       ||     2
  Eat: Chunk             |     2 |     5 |     4 ||    11
Armor: Robe              |    17 |       |       ||    17
       Leather armour    |    12 |    30 |    18 ||    60
Dodge: Dodged            |    55 |    41 |    33 ||   129
